 Dungeon Crawl Stone Soup version 0.28.0-43-g3370ac3207 (webtiles) character file.

Game seed: 10261451269293614852

566 vvl the Ducker (level 7, -3/36 HPs)
             Began as a Spriggan Fighter on Mar 11, 2022.
             Slain by Duvessa
             ... wielding a +0 short sword
              (12 damage)
             ... on level 4 of the Dungeon.
             The game lasted 00:08:50 (4573 turns).

vvl the Ducker (Spriggan Fighter)                   Turns: 4573, Time: 00:08:51

Health: -3/36      AC:  2    Str: 12    XL:     7   Next: 10%
Magic:  11/11      EV: 17    Int: 15    God:
Gold:   141        SH:  6    Dex: 14    Spells: 10/10 levels left

rFire   . . .      SeeInvis +   o - +6 dagger "Kumiecei" {freeze, rN++ Int+3}
rCold   . . .      Faith    .   c - +0 buckler
rNeg    + + .      Spirit   .   b - +0 robe
rPois   .          Reflect  .   i - +0 hat
rElec   .          Harm     .   (no cloak)
rCorr   .          Rampage  .   (gloves unavailable)
Will    +....                   (boots unavailable)
Stlth   ++........              (no amulet)
HPRegen 0.12/turn               g - ring of wizardry
MPRegen 0.12/turn               (no ring)

@: very quick
A: very small, no large weapons, unfitting armour, see invisible, speed 3
a: no special abilities


You were on level 4 of the Dungeon.
You visited 1 branch of the dungeon, and saw 4 of its levels.
You also visited: Ossuary.

You collected 141 gold pieces.

Inventory:

Hand Weapons
 a - a +0 long sword
 m - a +2 short sword of protection
 o - the +6 dagger "Kumiecei" (weapon) {freeze, rN++ Int+3}
   (You found it on level 3 of the Dungeon)

   It freezes those it strikes, dealing additional cold damage.
   It can also slow down cold-blooded creatures.
   Int:       It affects your intelligence (+3).
   rN:        It greatly protects you from negative energy.
 q - a +2 mace of holy wrath
 u - a +0 vampiric hand axe
Armour
 b - a +0 robe (worn)
 c - a +0 buckler (worn)
 i - a +0 hat (worn)
Magical Staves
 r - a staff of death
Jewellery
 g - a ring of wizardry (left hand)
 s - a ring of positive energy
Scrolls
 e - 2 scrolls of fear {unknown}
 f - 5 scrolls of identify {unknown}
 k - 2 scrolls of noise {unknown}
 t - 2 scrolls of acquirement {unknown}
 v - a scroll of brand weapon {unknown}
Potions
 d - 4 potions of might
 h - a potion of flight {unknown}
 j - 2 potions of brilliance {unknown}
 l - 2 potions of resistance {unknown}
 n - 2 potions of heal wounds {unknown}
 p - 3 potions of lignification {unknown}
 w - a potion of ambrosia {unknown}
 x - a potion of magic {unknown}


   Skills:
 + Level 3.0 Fighting
 + Level 2.6 Long Blades
 - Level 0.7 Bows
 + Level 1.3 Armour
 + Level 5.0 Dodging
 + Level 3.1 Stealth
 + Level 2.7 Shields
 + Level 2.2 Spellcasting
 + Level 3.0 Translocations
 - Level 2.0 Transmutations
 + Level 1.3 Fire Magic
 + Level 1.2 Poison Magic
 + Level 2.3 Evocations


You had 10 spell levels left.
You didn't know any spells.
Your spell library contained the following spells:

 Spells                   Type           Power      Damage    Failure   Level
 Poisonous Vapours        Pois/Air       6%         N/A       21%         2
 Corpse Rot               Necr/Air       2%         N/A       26%         2
 Ignite Poison            Fire/Tmut/Pois 6%         N/A       26%         3
 Conjure Flame            Conj/Fire      3%         6-21      38%         3
 Sticky Flame             Conj/Fire      3%         2d3       77%         4


Dungeon Overview and Level Annotations

Branches:
Dungeon (4/15)            Ossuary (visited)
 Temple: D:4-7

Altars:
Okawaru

Annotations:
D:4 Dowan, Duvessa


Innate Abilities, Weirdness & Mutations

You are very small and have problems with some larger weapons.
You are too small for most types of armour.
You have supernaturally acute eyesight. (SInv)
You cover ground extremely quickly. (Speed+++)


Message History

You block the ogre's attack.
You barely miss the ogre.
The ogre is moderately wounded.
You hit the ogre. You freeze the ogre.
The ogre is heavily wounded.
The ogre completely misses you.
Duvessa says, "I don't care about looks, I care about technique!"
You puncture the ogre! You freeze the ogre.
The ogre is almost dead.
The ogre barely misses you.
You puncture the ogre! You freeze the ogre.
You kill the ogre!
Duvessa misses you.
Your Fighting skill increases to level 3!
Your Dodging skill increases to level 5!
Your Translocations skill increases to level 3!
You have reached level 7!
You hit Duvessa. You freeze Duvessa.
Duvessa is lightly wounded.
Duvessa misses you.
Dowan casts a spell.
Dowan blinks!
You puncture Duvessa! You freeze Duvessa.
Duvessa is moderately wounded.
Duvessa hits you with a +0 short sword!
Duvessa gestures with her weapon.
Duvessa barely misses you.
You hit Duvessa. You freeze Duvessa.
Duvessa is heavily wounded.
Duvessa hits you with a +0 short sword!
You hit Duvessa. You freeze Duvessa.
Duvessa is heavily wounded.
Duvessa hits you with a +0 short sword.
* * * LOW HITPOINT WARNING * * *
Dowan completely misses you. You block Duvessa's attack.
Unknown command.
You hit Duvessa. You freeze Duvessa.
Duvessa is severely wounded.
You block Dowan's attack. Duvessa hits you with a +0 short sword!
You die...

....###.#..## #.## ##.
###..+ ##..## ##.###..
#..###..## ##.#.#.
##.##..## ##.##.
##.#...### #####.##.
#........# #......#.
#...#.##.# #.#....#.
#..##e# .# #......##
#.. #@# # ##.##### ##
#e# #.# #.........#
#.### #.#.......#
#.#.##
#....#.#######....###
......................
#.#....#.#######....###
#.##>.## # #..#.## #
##. #.####


You could see Duvessa (fast) and Dowan.

Vanquished Creatures
  A necrophage (D:4)
  An ogre (D:4)
  3 water moccasin zombies (Ossuary)
  An orc priest (D:4)
  3 mummies
  Robin (D:3)
  2 adders
  4 adder zombies (Ossuary)
  A worm (D:3)
  2 dart slugs
  8 orcs
  6 endoplasms
  11 giant cockroaches (D:3)
  3 gnoll zombies (Ossuary)
  14 goblins
  13 hobgoblins
  6 kobolds
  2 quokkas
  A ball python (D:4)
  3 bats
  4 frilled lizards
  6 hobgoblin zombies (Ossuary)
  3 kobold zombies (Ossuary)
  2 orc zombies (Ossuary)
  3 rats
104 creatures vanquished.

Notes
Turn   | Place    | Note
-------+----------+-------------------------------------------
     0 | D:1      | vvl the Spriggan Fighter began the quest for the Orb.
     0 | D:1      | Reached XP level 1. HP: 11/11 MP: 2/2
   195 | D:1      | Found a faded altar of an unknown god.
   268 | D:1      | Reached XP level 2. HP: 16/16 MP: 3/3
   685 | D:1      | Reached skill level 1 in Translocations
   967 | D:2      | Reached skill level 1 in Stealth
  1157 | D:2      | Reached XP level 3. HP: 19/19 MP: 4/4
  1513 | D:3      | Noticed Robin
  1566 | D:3      | Killed Robin
  1567 | D:3      | Reached skill level 1 in Evocations
  1690 | D:3      | Reached XP level 4. HP: 20/23 MP: 4/6
  1707 | D:3      | Reached skill level 1 in Transmutations
  1721 | D:3      | Identified the +6 dagger "Kumiecei" {freeze, rN++ Int+3}
  1823 | D:3      | Found an iron altar of Okawaru.
  1877 | D:3      | Reached skill level 1 in Spellcasting
  2946 | D:4      | Reached XP level 5. HP: 20/27 MP: 6/8
  3255 | D:4      | Noticed a necrophage
  3272 | D:4      | Killed a necrophage
  3463 | D:4      | Found a sand-covered staircase.
  3473 | Ossuary  | Entered an ossuary
  3708 | Ossuary  | Reached XP level 6. HP: 32/32 MP: 9/9
  3897 | Ossuary  | Reached skill level 1 in Armour
  4088 | Ossuary  | Reached skill level 1 in Fire Magic
  4088 | Ossuary  | Reached skill level 1 in Poison Magic
  4546 | D:4      | Noticed Dowan
  4548 | D:4      | Noticed Duvessa
  4569 | D:4      | Reached skill level 5 in Dodging
  4569 | D:4      | Reached XP level 7. HP: 36/36 MP: 11/11
  4573 | D:4      | Slain by Duvessa

Illustrated notes

Levels and vault maps discovered:
D:1:      scummos_arrival_hexagon, layout_loops_ring, basic_ecumenical_altar
D:2:      layout_loops_cross
D:3:      minmay_roachtagon, layout_basic, mainiacjoe_overflow_boulevard,
          st_stairs_3, uniq_robin
D:4:      layout_loops_corners, mainiacjoe_overflow_small_starburst,
          marbit_many_paths, nicolae_ossuary_entry_giza,
          ebering_ghost_rock_garden, uniq_duvessa

Skill      XL: |  1  2  3  4  5  6 |
---------------+-------------------+-----
Translocations | 1 2 3 |  3.0
Stealth        | 1 2 3 |  3.1
Evocations     | 1 2 |  2.3
Long Blades    | 2 |  2.6
Transmutations | 1 2 |  2.0
Spellcasting   | 1 2 |  2.2
Armour         | 1 |  1.3
Fire Magic     | 1 |  1.3
Poison Magic   | 1 |  1.2
Fighting       | 3 |  3.0
Dodging        | 5 |  5.0
Bows           | |  0.7
Shields        | |  2.7

Action                   |  1- 3 |  4- 6 |  7- 9 || total
-------------------------+-------+-------+-------++-------
Melee: Long sword        |    45 |       |       ||    45
       Short sword       |    67 |    28 |       ||    95
       Dagger            |       |   216 |     5 ||   221
 Stab: Sleeping          |     3 |     4 |       ||     7
Armor: Robe              |    26 |    34 |       ||    60
Dodge: Dodged            |   113 |   194 |     3 ||   310
Block: Buckler           |    35 |    65 |     2 ||   102
